 Dungeon Crawl Stone Soup version 0.29-a0-925-g0a7a3d12f8 (webtiles) character file.

Game seed: 4226810123940725138

4 Newt the Shield-Bearer (level 1, 0/13 HPs)
             Began as a Demonspawn Wanderer on July 29, 2022.
             Succumbed to a kobold's poison
             ... on level 1 of the Dungeon.
             The game lasted 00:00:46 (458 turns).

Newt the Shield-Bearer (Demonspawn Wanderer)         Turns: 458, Time: 00:00:47

Health: 0/13       AC:  2    Str: 11    XL:     1   Next: 58%
Magic:  4/4        EV: 10    Int: 13    God:
Gold:   12         SH:  5    Dex: 13    Spells: 6/6 levels left

rFire   . . .      SeeInvis .   a - +2 mace
rCold   . . .      Faith    .   b - +0 buckler
rNeg    . . .      Spirit   .   d - +0 robe
rPois   .          Reflect  .   (no helmet)
rElec   .          Harm     .   (no cloak)
rCorr   .          Rampage  .   (no gloves)
Will    .....                   (no boots)
Stlth   ++........              (no amulet)
HPRegen 0.04/turn               (no ring)
MPRegen 0.09/turn               (no ring)

@: mighty, lethally poisoned (0 -> -8)
A: no striking features
a: no special abilities


You were on level 1 of the Dungeon.
You visited 1 branch of the dungeon, and saw 1 of its levels.

You collected 12 gold pieces.

Inventory:

Hand Weapons
 a - a +2 mace (weapon)
Missiles
 f - a throwing net (quivered)
Armour
 b - a +0 buckler (worn)
 d - a +0 robe (worn)
Scrolls
 c - a scroll of butterflies
 e - a scroll of identify {unknown}


   Skills:
 + Level 1.7 Maces & Flails
 + Level 1.0 Stealth
 + Level 3.7 Shields
 + Level 3.0 Spellcasting
 * Level 0.5 Transmutations


You had 6 spell levels left.
You didn't know any spells.
Your spell library contained the following spells:

 Spells                   Type           Power      Damage    Failure   Level
 Wereblood                Tmut           3%         N/A       36%         2
 Passwall                 Tmut/Erth      1%         N/A       38%         2


Dungeon Overview and Level Annotations

Branches:
Dungeon (1/15)

Altars:


Message History

You see here 5 stones.
e - a scroll labelled UFYL LASYI You now have 12 gold pieces.
There is a faded altar of an unknown god here.
f - a throwing net
g - a white potion You see here a ball python skeleton.
You see here a +0 whip.
You see here a +0 robe.
A frilled lizard comes into view.
The frilled lizard hisses angrily.
A frilled lizard is nearby!
The frilled lizard bites you.
You hit the frilled lizard.
The frilled lizard is heavily wounded.
The frilled lizard bites you.
You hit the frilled lizard.
You kill the frilled lizard!
No target in view!
You see here a frilled lizard corpse.
A kobold comes into view.
It is wielding a +0 short sword of venom.
The helpless kobold fails to defend itself.
You hit the kobold but do no damage. The kobold barely misses you.
You closely miss the kobold. The kobold hits you but does no damage.
You are poisoned.
You hit the kobold but do no damage.
You feel very sick. The kobold hits you but does no damage.
You are lethally poisoned!
The kobold misses you.
You barely miss the kobold.
You feel very sick. The kobold barely misses you.
You sock the kobold!
You kill the kobold!
* * * LOW HITPOINT WARNING * * *
You feel very sick.
It was a potion of might.
You feel very mighty all of a sudden.
You die...

#.# .. # #.# #.#
#.#####.####
...........######
..#####.........#
###...###.#
#.....#)##
#...#.@..#
#####.........
#....##### #.####
#.# #.. #.# #..


There were no monsters in sight!

Vanquished Creatures
  A ball python (D:1)
  A frilled lizard (D:1)
  3 kobolds (D:1)
  A rat (D:1)
6 creatures vanquished.

Notes
Turn   | Place    | Note
-------+----------+-------------------------------------------
     0 | D:1      | Newt the Demonspawn Wanderer began the quest for the Orb.
     0 | D:1      | Newt set off with the following items: a +2 mace, a +0
                  | buckler, a scroll of butterflies, a +0 robe; and the
                  | following spells available to memorise: Passwall,
                  | Wereblood.
     0 | D:1      | Reached XP level 1. HP: 13/13 MP: 4/4
   133 | D:1      | Found a faded altar of an unknown god.
   458 | D:1      | Succumbed to a kobold's poison

Illustrated notes

Levels and vault maps discovered:
D:1:      lemuel_arrival_cross, layout_loops_ring,
          hellmonk_ecumenical_altar_crossroads, grunt_decor_mini_mirrors

Action                   || total
-------------------------++-------
Melee: Mace              ||    11
  Use: Potion            ||     1
 Stab: Sleeping          ||     1
Armor: Robe              ||     2
Dodge: Dodged            ||     4
Block: Buckler           ||     2

Table legend: (Time is in decaauts)
 A = Elapsed time spent in this place.
 B = Non-inter-level travel time spent in this place.
 C = Inter-level travel time spent in this place.
 D = Time resting spent in this place.
 E = Time spent auto-exploring this place.
 F = Levels seen in this place.
 G = Mean time per level.
                   A        B        C        D        E       F      G
               +--------+--------+--------+--------+--------+-----+--------+
         Total |    462 |    462 |      0 |      0 |    426 |   1 |  462.0 |
       Dungeon |    462 |    462 |      0 |      0 |    426 |   1 |  462.0 |
               +--------+--------+--------+--------+--------+-----+--------+

Top non-repeatable levels by time:
     D:1: 462 daAuts
